 Dungeon Crawl Stone Soup version 0.21.0-24-g2553a33 (webtiles) character file.

473 wojtek the Reanimator (level 7, 0/36 HPs)
             Began as a Kobold Necromancer on Jan 20, 2018.
             Slain by an orc
             ... wielding a cursed -2 hand axe
              (3 damage)
             ... on level 3 of the Dungeon.
             The game lasted 00:08:44 (5327 turns).

wojtek the Reanimator (Kobold Necromancer)          Turns: 5327, Time: 00:08:44

Health: 0/36       AC:  2    Str:  6    XL:     7   Next: 32%
Magic:  8/10       EV: 15    Int: 18    God:
Gold:   144        SH:  0    Dex: 15    Spells: 5/10 levels left

rFire    . . .     SeeInvis .   a - +0 dagger (drain)
rCold    . . .     Gourm    .   (shield restricted)
rNeg     . . .     Faith    .   k - +0 robe
rPois    .         Spirit   .   (no helmet)
rElec    .         Reflect  .   (no cloak)
rCorr    .         Harm     .   (no gloves)
MR       .....                  (no boots)
Stlth    ++........             (no amulet)
HPRegen  0.12/turn              r - ring of flight
MPRegen  0.12/turn              (no ring)

@: no status effects
A: small, carnivore
a: Evoke Flight


You were on level 3 of the Dungeon.
You were completely stuffed.

You visited 1 branch of the dungeon, and saw 3 of its levels.
You also visited: Sewer.

You collected 144 gold pieces.

Inventory:

Hand Weapons
 a - a +0 dagger of draining (weapon)
Missiles
 l - 88 stones (quivered)
Armour
 k - a +0 robe (worn)
Jewellery
 e - a cursed ring of teleportation {unknown}
 r - a ring of flight (left hand)
 u - a +6 ring of protection {unknown}
 w - a +6 amulet of reflection {unknown}
Wands
 n - a wand of iceblast (3)
Scrolls
 f - 5 scrolls of enchant armour {unknown}
 g - 3 scrolls of teleportation {unknown}
 j - 5 scrolls of fog {unknown}
 m - a scroll of noise {unknown}
 o - 2 scrolls of remove curse {unknown}
 p - 2 scrolls of enchant weapon {unknown}
 q - a scroll of immolation {unknown}
 x - a scroll of magic mapping {unknown}
 y - a scroll of fear {unknown}
Potions
 d - a potion of curing
 h - a potion of heal wounds {unknown}
 i - 2 potions of brilliance {unknown}
 s - a potion of magic {unknown}
 t - a potion of agility {unknown}
Books
 b - a book of Necromancy

   Spells                             Type                      Level
   a - Pain                           Necromancy                   1
   b - Animate Skeleton               Necromancy                   1
   c - Vampiric Draining              Necromancy                   3
   d - Regeneration                   Charms/Necromancy            3
   e - Animate Dead                   Necromancy                   4
   f - Borgnjor's Vile Clutch         Necromancy/Earth             5
Comestibles
 c - 5 rations


   Skills:
 - Level 2.4 Dodging
 - Level 2.6 Stealth
 - Level 2.1 Spellcasting
 + Level 8.3 Necromancy


You had 5 spell levels left.
You knew the following spells:

 Your Spells              Type           Power        Failure   Level  Hunger
a - Pain                  Necr           ####         1%          1    #......
d - Animate Dead          Necr           N/A          5%          4    #####..


Dungeon Overview and Level Annotations

Branches:
Dungeon (3/15)

Altars:
Gozag
Yredelemnul
The Shining One


Innate Abilities, Weirdness & Mutations

You are small and have problems with some larger weapons.
You are carnivorous and can eat meat at any time.


Message History

Unknown command.
You hit the orc priest but do no damage.
You drain the orc priest!
The orc priest is almost dead.
The orc closely misses you.
The orc priest invokes the aid of Beogh against you.
Beogh smites you!
* * * LOW HITPOINT WARNING * * *
You barely miss the orc priest.
The orc priest is almost dead.
The orc hits you but does no damage.
The orc hits your leopard gecko zombie with a hand axe.
Your leopard gecko zombie is destroyed!
The orc priest misses you.
Unknown command.
You hit the orc priest but do no damage.
You drain the orc priest!
You kill the orc priest!
The orc hits you with a hand axe.
You die...

# .. # ... ..#..# #
.... ..#..#
#.......... ..#..#
..........# #.#..#
.#+###....# #.#..###
.#.#....... #.#....
...#.#....###.##o###.#
.#.#.##.......Z.@....#
.#.#......###Z##)#####
#.........((....#
.#####.#...ZZ.......#
.........####.#####.#
....>...........
........Z..##.....
###.....Z########.# #
#......# #.# #


You could see an orc, a friendly rat zombie and a friendly goblin zombie.

Vanquished Creatures
  3 big kobolds (Sewer)
  An orc priest (D:3)
  12 adders
  A river rat (Sewer)
  5 oozes
  5 worms
  2 dart slugs
  4 leopard geckos
  2 bats (D:1)
  4 giant cockroaches
  5 goblins
  2 hobgoblins (D:2)
  4 jackals (D:2)
  9 kobolds
  2 quokkas (D:2)
  4 ball pythons
  5 frilled lizards
  17 rats
87 creatures vanquished.

Vanquished Creatures (collateral kills)
  An orc (D:3)
1 creature vanquished.

Vanquished Creatures (others)
  Jessica (D:2)
  A goblin (D:2)
2 creatures vanquished.

Grand Total: 90 creatures vanquished

Notes
Turn   | Place    | Note
-------+----------+-------------------------------------------
     0 | D:1      | wojtek the Kobold Necromancer began the quest for the Orb.
     0 | D:1      | Reached XP level 1. HP: 10/10 MP: 3/3
   289 | D:1      | Reached XP level 2. HP: 14/15 MP: 1/5
  1174 | D:2      | Reached XP level 3. HP: 6/19 MP: 1/6
  1666 | D:2      | Reached skill level 5 in Necromancy
  2227 | D:2      | Reached XP level 4. HP: 23/24 MP: 4/7
  3207 | D:2      | Found a basalt altar of Yredelemnul.
  3224 | D:2      | Found a glowing golden altar of the Shining One.
  3224 | D:2      | Noticed Jessica
  3226 | D:2      | Noticed an angel
  3228 | D:2      | Killed Jessica
  3338 | D:3      | Reached XP level 5. HP: 25/28 MP: 8/8
  3354 | D:3      | Reached skill level 6 in Necromancy
  3402 | D:3      | Found an opulent altar of Gozag.
  3711 | D:3      | Found a glowing drain.
  3715 | Sewer    | Entered a sewer
  3904 | Sewer    | Noticed a big kobold
  3924 | Sewer    | Killed a big kobold
  3924 | Sewer    | Reached XP level 6. HP: 15/32 MP: 1/9
  4339 | Sewer    | Reached skill level 7 in Necromancy
  4916 | Sewer    | Reached skill level 8 in Necromancy
  4916 | Sewer    | Reached XP level 7. HP: 28/36 MP: 0/10
  5229 | D:3      | Learned a level 4 spell: Animate Dead
  5327 | D:3      | Slain by an orc

Skill      XL: |  1  2  3  4  5  6 |
---------------+-------------------+-----
Necromancy     | 5 6 8 |  8.3
Dodging        | |  2.4
Stealth        | |  2.6
Spellcasting   | |  2.1

Action                   |  1- 3 |  4- 6 |  7- 9 || total
-------------------------+-------+-------+-------++-------
Melee: Unarmed           |     5 |       |       ||     5
       Dagger            |     5 |    84 |    38 ||   127
 Cast: Pain              |    45 |    91 |    18 ||   154
       Animate Dead      |       |       |     3 ||     3
  Use: Potion            |       |       |     1 ||     1
 Stab: Sleeping          |       |     6 |     2 ||     8
  Eat: Chunk             |     8 |    14 |     3 ||    25
Armor: Robe              |     8 |     8 |     3 ||    19
Dodge: Dodged            |    38 |    55 |    35 ||   128
